 Dungeon Crawl Stone Soup version 0.21-a0-94-gdd6ab6a (webtiles) character file.

1547 nikopol the Thaumaturge (level 8, -3/42 HPs)
             Began as a Deep Elf Fire Elementalist on July 1, 2017.
             Slain by an orc
             ... wielding a +0 trident
              (8 damage)
             ... on level 5 of the Dungeon.
             The game lasted 00:29:01 (6218 turns).

nikopol the Thaumaturge (DEFE)                      Turns: 6218, Time: 00:29:02

Health: -3/42      AC:  3    Str:  5    XL:     8   Next: 57%
Magic:  5/22       EV: 14    Int: 23    God:
Gold:   132        SH:  0    Dex: 15    Spells: 13/24 levels left

rFire    + . .     SeeInvis .   x - +1 dagger (elec)
rCold    . . .     Gourm    +   (no shield)
rNeg     . . .     Faith    .   z - +1 robe {rF+}
rPois    .         Spirit   .   (no helmet)
rElec    .         Reflect  .   (no cloak)
rCorr    .         Harm     .   (no gloves)
MR       .....                  (no boots)
Stlth    +++.......             y - amulet of the gourmand
HPRegen  0.14/turn              k - ring of flight
MPRegen  0.18/turn              q - ring of wizardry

@: no status effects
A: no striking features
a: Evoke Flight


You were on level 5 of the Dungeon.
You were completely stuffed.

You visited 1 branch of the dungeon, and saw 5 of its levels.

You collected 222 gold pieces.
You spent 90 gold pieces at shops.

Inventory:

Hand Weapons
 x - a +1 dagger of electrocution (weapon)
Armour
 z - a +1 robe of fire resistance (worn)
Jewellery
 i - an uncursed amulet of faith {unknown}
 k - a ring of flight (left hand)
 q - a ring of wizardry (right hand)
 y - an amulet of the gourmand (around neck)
Scrolls
 e - 6 scrolls of remove curse
 f - 2 scrolls of teleportation
 h - 2 scrolls of magic mapping {unknown}
 n - a scroll of fog {unknown}
 o - 2 scrolls of identify
 p - 2 scrolls of enchant armour {unknown}
 s - a scroll of enchant weapon {unknown}
 t - a scroll of recharging {unknown}
 w - a scroll of fear {unknown}
Potions
 d - a potion of degeneration {unknown}
 g - a potion of ambrosia {unknown}
 l - a potion of resistance {unknown}
 m - 4 potions of curing
 r - 3 potions of lignification {unknown}
 u - 5 potions of flight {unknown}
Books
 b - a book of Flames

   Spells                             Type                      Level
   a - Flame Tongue                   Conjuration/Fire             1
   b - Throw Flame                    Conjuration/Fire             2
   c - Conjure Flame                  Conjuration/Fire             3
   d - Inner Flame                    Hexes/Fire                   3
   e - Sticky Flame                   Conjuration/Fire             4
   f - Fireball                       Conjuration/Fire             5
Comestibles
 a - 2 royal jellies
 c - a bread ration
 j - a chunk of flesh
 v - a fruit


   Skills:
 + Level 0.7 Fighting
 + Level 3.4 Dodging
 + Level 4.1 Stealth
 + Level 8.9 Spellcasting
 + Level 5.5 Conjurations
 + Level 7.3 Fire Magic


You had 13 spell levels left.
You knew the following spells:

 Your Spells              Type           Power        Failure   Level  Hunger
a - Flame Tongue          Conj/Fire      #####        1%          1    None
b - Throw Flame           Conj/Fire      #####.       1%          2    None
c - Conjure Flame         Conj/Fire      #####...     1%          3    None
d - Fireball              Conj/Fire      #####.....   4%          5    ####...


Dungeon Overview and Level Annotations

Branches:
Dungeon (5/15)
 Temple: D:4-7

Altars:
Dithmenos
Nemelex Xobeh
Ru
Zin


Message History

Casting: Flame Tongue
Confirm with . or Enter, or press ? or * to list all spells.
Aiming: Flame Tongue
Press: ? - help, Shift-Dir - straight line, f - orc
Aim: an orc, wielding a dagger The flame tongue hits the orc.
The orc is heavily wounded.
The crimson imp hits you.
* * * LOW HITPOINT WARNING * * *
The orc hits you but does no damage. The orc barely misses you.
Casting: Flame Tongue
Confirm with . or Enter, or press ? or * to list all spells.
Aiming: Flame Tongue
Press: ? - help, Shift-Dir - straight line, f/p - orc
Aim: an orc, wielding a dagger (heavily wounded)
The flame tongue hits the orc.
You kill the orc!
The crimson imp barely misses you.
The orc hits you from afar with a trident!
You die...

#.###.###.......)).#
#.# #.# #.########.#
#.. ......# #.#
#####+#####
####.##### ...
#........# ....
#.....(#.# .....
##......#
......####.......#
.....oJ@5a.......#
......####.......#
..... ##.##.### ....
#.).... ... ##.###.#
#+ .# .# .# # ..


You could see a jelly, a worker ant, a crimson imp and an orc.

Vanquished Creatures
  Pikel (D:4)
  Sigmund (D:3)
  Edmund (D:4)
  A sky beast (D:5)
  An orc warrior (D:3)
  A slave (D:4)
  An ogre (D:5)
  A water moccasin skeleton (D:5)
  A hound (D:5)
  An orc wizard (D:4)
  4 orc priests
  Natasha (thrice) (D:2)
  2 worker ants
  4 adders
  7 oozes
  3 worms (D:2)
  4 dart slugs
  4 leopard geckos
  24 orcs
  3 bats
  6 giant cockroaches
  6 goblins
  6 hobgoblins
  11 jackals
  2 quokkas
  3 frilled lizards
  4 kobolds
  A quokka zombie (D:5)
  20 rats
127 creatures vanquished.

Vanquished Creatures (others)
  A hound (D:4)
  An orc (D:4)
2 creatures vanquished.

Grand Total: 129 creatures vanquished

Notes
Turn   | Place    | Note
-------+----------+-------------------------------------------
     0 | D:1      | nikopol the Deep Elf Fire Elementalist began the quest for the Orb.
     0 | D:1      | Reached XP level 1. HP: 10/10 MP: 6/6
     1 | D:1      | Found a runed door.
   467 | D:1      | Reached XP level 2. HP: 15/15 MP: 6/8
  1076 | D:2      | Learned a level 2 spell: Throw Flame
  1149 | D:2      | Reached XP level 3. HP: 12/19 MP: 1/10
  1288 | D:2      | Reached skill level 4 in Spellcasting
  1668 | D:2      | Noticed Natasha
  1669 | D:2      | Found a sacrificial altar of Ru.
  1671 | D:2      | Killed Natasha
  1671 | D:2      | Reached XP level 4. HP: 24/24 MP: 7/12
  1856 | D:2      | Noticed Natasha
  1868 | D:2      | Killed Natasha
  1877 | D:2      | Learned a level 3 spell: Conjure Flame
  1961 | D:2      | Noticed Sigmund
  1961 | D:2      | Noticed Natasha
  1968 | D:2      | Killed Natasha
  2197 | D:2      | HP: 1/24 [fell downstairs (1)]
  2600 | D:1      | Reached XP level 5. HP: 26/28 MP: 11/13
  2688 | D:1      | Learned a level 5 spell: Fireball
  2919 | D:2      | Found a sparkling altar of Nemelex Xobeh.
  3044 | D:3      | Found a shadowy altar of Dithmenos.
  3115 | D:3      | Noticed an orc warrior
  3412 | D:3      | Killed an orc warrior
  3412 | D:3      | Reached skill level 5 in Spellcasting
  3412 | D:3      | Reached skill level 5 in Fire Magic
  3412 | D:3      | Reached XP level 6. HP: 21/32 MP: 2/16
  3936 | D:3      | Found a faded altar of an unknown god.
  4324 | D:3      | Killed Sigmund
  4324 | D:3      | Reached skill level 6 in Spellcasting
  4324 | D:3      | Reached XP level 7. HP: 22/36 MP: 5/18
  4528 | D:3      | Found Zin's Purification Station.
  4531 | D:3      | Found a glowing silver altar of Zin.
  4534 | D:3      | Bought a potion of curing for 90 gold pieces
  4938 | D:4      | Noticed Edmund
  4955 | D:4      | Killed Edmund
  5124 | D:4      | Noticed Pikel
  5145 | D:4      | Killed Pikel
  5145 | D:4      | Reached skill level 8 in Spellcasting
  5145 | D:4      | Reached skill level 5 in Conjurations
  5145 | D:4      | Reached XP level 8. HP: 41/41 MP: 5/22
  5591 | D:5      | Entered Level 5 of the Dungeon
  6218 | D:5      | Slain by an orc

Vault maps used:
D:1:      dpeg_arrival_caged_fury
D:2:      cheibrodos_old_hovel, nicolae_ru_sacrificial_ziggurat,
          lemuel_coloured_pillars_altar, solitary_fountain, minmay_hedge_maze,
          uniq_sigmund, uniq_natasha
D:3:      zin_purify, grunt_dithmenos_smoke_and_mirrors,
          chequers_ecumenical_altar_twisty
D:4:      uniq_edmund, uniq_pikel
D:5:      first_bread

Skill      XL: |  1  2  3  4  5  6  7  8 |
---------------+-------------------------+-----
Spellcasting   | 4 5 6 8 |  8.9
Fire Magic     | 4 5 6 7 |  7.3
Conjurations   | 2 3 5 |  5.5
Stealth        | 3 4 |  4.1
Dodging        | 3 |  3.4
Fighting       | |  0.7

Action                   |  1- 3 |  4- 6 |  7- 9 || total
-------------------------+-------+-------+-------++-------
Melee: Short sword       |       |     3 |       ||     3
       Dagger            |       |       |     9 ||     9
 Cast: Flame Tongue      |    54 |   130 |   120 ||   304
       Throw Flame       |     1 |    11 |     7 ||    19
       Conjure Flame     |       |     5 |     5 ||    10
       Fireball          |       |     1 |       ||     1
  Use: Scroll            |       |       |     3 ||     3
  Eat: Chunk             |     2 |     4 |    15 ||    21
       Bread ration      |       |     1 |       ||     1
Armor: Robe              |     2 |     4 |     8 ||    14
Dodge: Dodged            |     8 |    27 |    41 ||    76
